Map: Ruby Rock LE

Players

SCIInewby - Winner!

  • Race: Protoss Protoss
  • League: Master
  • Spawn Location: 11:00

Bassist

  • Race: Terran Terran
  • League: Silver
  • Spawn Location: 5:00

VOD

Have the link to the VOD?

Description

Time

  • Played on: Feb. 7, 2026, 3:01 p.m.
  • Length: 11:53
Show
View Real Time Build Order
Export as new Build Order

SCIInewby Protoss - Winner!

Build Orders:  

Get SALT Encoding   

  12  0:00  Probe  
  13  0:12  Probe  
  14  0:20  Pylon  
  14  0:25  Probe  
  15  0:39  Forge, Probe  
  16  0:47  Probe  
  16  0:55  Probe  
  17  0:58  Pylon  
  17  1:06  Probe  
  18  1:14  Gateway  
  18  1:18  Probe  
  19  1:30  Probe, Photon Cannon  
  20  1:33  Assimilator  
  20  1:38  Assimilator  
  20  1:42  Probe  
  21  1:50  Photon Cannon  
  21  2:14  Nexus  
  21  2:19  Probe  
  22  2:28  Zealot  
  22  2:32  Probe  
  25  2:37  Cybernetics Core  
  25  2:48  Gateway  
  25  2:53  Pylon  
  25  2:54  Probe  
  26  3:06  Probe  
  24  3:48  Stalker  
  23  3:53  Pylon  
  23  3:56  Pylon  
  23  4:01  Probe  
  23  4:02  Probe  
  27  4:09  Probe  
  27  4:10  Probe  
  27  4:13  Stalker  
  29  4:18  Probe  
  32  4:25  Photon Cannon  
  32  4:28  Probe  
  32  4:30  Warp Gate  
  33  4:39  Photon Cannon  
  33  4:50  Assimilator, Probe  
  33  4:51  Probe  
  34  4:54  Assimilator  
  35  5:03  Probe  
  36  5:09  Probe  
  36  5:10  Gateway  
  37  5:15  Probe  
  38  5:21  Probe  
  38  5:27  Gateway, Probe  
  40  5:37  Shield Battery  
  40  5:40  Probe x2  
  42  5:52  Stargate, Probe  
  42  5:53  Probe  
  42  5:55  Pylon  
  44  6:04  Probe  
  44  6:05  Probe  
  46  6:17  Probe x2  
  48  6:20  Twilight Council  
  48  6:29  Probe x2, Stalker x2  
  48  6:30  Stalker x2  
  58  6:38  Fleet Beacon, Protoss Ground Weapons Level 1  
  58  6:41  Probe x2  
  60  6:50  Pylon  
  60  6:52  Pylon  
  60  6:56  Zealot x2  
  64  7:04  Carrier  
  64  7:13  Zealot x2  
  74  7:30  Nexus  
  74  7:34  Stalker  
  76  7:44  Pylon  
  76  7:47  Pylon  
  76  7:50  Assimilator  
  76  7:58  Protoss Air Armor Level 1  
  76  8:00  Charge  
  76  8:05  Zealot  
  76  8:06  Zealot x3  
  76  8:09  Dark Shrine  
  84  8:23  Shield Battery, Photon Cannon  
  84  8:24  Probe  
  84  8:26  Probe  
  86  8:29  Carrier  
  86  8:32  Probe  
  86  8:38  Probe  
  86  8:41  Probe  
  94  8:44  Probe  
  96  8:51  Probe  
  97  8:56  Probe  
  97  9:00  Probe  
  99  9:03  Probe  
  99  9:07  Photon Cannon  
  99  9:08  Probe  
  101  9:12  Shield Battery  
  101  9:15  Photon Cannon, Probe x2  
  103  9:17  Assimilator, Zealot  
  103  9:18  Zealot  
  103  9:20  Probe  
  116  9:34  Stalker  
  118  9:39  Mothership  
  118  9:41  Pylon  
  118  10:09  Pylon  
  102  10:40  Zealot  
  102  10:41  Zealot x3  
  110  11:00  Probe x2  
  110  11:01  Probe  
  110  11:02  Zealot x4  
  127  11:22  Dark Templar x2  
  127  11:23  Dark Templar x2  
  135  11:28  Pylon  
  135  11:31  Pylon  
  135  11:32  Pylon  
  135  11:33  Pylon  
  135  11:35  Pylon  
Show
View Real Time Build Order
Export as new Build Order

Bassist Terran 

Build Orders: Reaper Expand 

Get SALT Encoding   

  12  0:20  Supply Depot  
  12  0:22  SCV  
  14  0:35  SCV  
  14  0:45  Barracks  
  14  1:04  SCV  
  14  1:08  Supply Depot  
  14  1:10  Refinery  
  15  1:17  SCV  
  16  1:28  Barracks  
  16  1:29  SCV  
  17  1:43  SCV  
  18  2:04  Command Center  
  18  2:05  Reaper  
  19  2:14  SCV  
  20  2:17  Refinery  
  20  2:27  SCV, Barracks Tech Lab  
  21  2:37  Supply Depot  
  21  2:39  SCV  
  22  2:56  Barracks Tech Lab  
  23  2:58  SCV  
  23  2:59  Marine  
  23  3:00  Supply Depot  
  24  3:07  Stimpack  
  24  3:23  Marine x2  
  26  3:40  Marine  
  27  4:01  Factory  
  27  4:08  Orbital Command  
  27  4:13  Combat Shield  
  27  4:15  SCV  
  28  4:18  Marine  
  28  4:20  Marine  
  30  4:27  SCV  
  31  4:38  Marine  
  32  5:02  Starport  
  32  5:23  SCV  
  32  5:26  SCV  
  32  5:27  Marine  
  35  5:31  Concussive Shells  
  35  5:39  SCV  
  35  5:42  Starport Reactor  
  36  5:45  Marine  
  36  5:46  Orbital Command  
  37  5:51  SCV  
  37  5:53  Barracks Reactor  
  37  5:56  Siege Tank  
  41  6:02  Engineering Bay  
  41  6:19  Marauder  
  41  6:22  Medivac x2  
  47  6:26  SCV x2  
  49  6:36  Marine x2  
  51  6:47  Armory  
  51  6:52  Viking x2  
  55  6:56  Marine x2  
  57  7:06  Command Center  
  57  7:09  Refinery  
  57  7:10  SCV x2  
  57  7:12  Refinery  
  59  7:16  Supply Depot  
  59  7:19  Terran Infantry Weapons Level 1  
  59  7:21  Marauder  
  59  7:22  SCV  
  62  7:32  Armory  
  62  7:37  Terran Vehicle And Ship Armor Level 1  
  62  7:38  SCV  
  62  7:43  Supply Depot  
  63  7:47  Viking  
  65  7:59  SCV  
  65  8:00  SCV  
  65  8:02  Supply Depot  
  65  8:05  Supply Depot  
  67  8:12  SCV x2  
  69  8:14  Marine  
  69  8:15  Marine x2  
  69  8:18  Thor  
  78  8:26  SCV x2  
  80  8:28  Supply Depot, Orbital Command  
  80  8:42  Viking x2  
  84  8:50  Command Center  
  84  8:51  Starport  
  84  8:54  Missile Turret  
  84  9:02  Terran Vehicle Weapons Level 1  
  84  9:15  SCV x2  
  86  9:18  Missile Turret  
  86  9:21  Missile Turret  
  86  9:22  Missile Turret  
  86  9:27  Missile Turret  
  86  9:32  SCV x2  
  86  9:33  Orbital Command  
  88  9:44  SCV x2  
  90  9:51  Terran Infantry Armor Level 1  
  90  9:53  Viking x2  
  90  9:56  Starport Tech Lab  
  94  10:00  Fusion Core  
  28  11:00  Marine  
  28  11:02  Liberator x2  
  35  11:08  SCV  
  36  11:13  Siege Tank  
  36  11:18  Marine  
  40  11:20  SCV  
  47  11:32  SCV  
Tags
 
Matchup
PvT
Replay Pack
Multiplayer
Spawn Locations
Cross Positions
Add a new tag
Caveats
  • Supply blocks, unpowered buildings, or Contaminate may cause inaccurate times.
  • Supply counts are checked every 10 seconds.